 Dungeon Crawl Stone Soup version 0.29.1-15-g9cfb28693d (webtiles) character file.

Game seed: 4452143011453978366

324 Smoke131 the Firebug (level 6, -7/50 HPs)
             Began as a Draconian Fire Elementalist on Feb 21, 2023.
             Mangled by a hornet (11 damage)
             ... on level 4 of the Dungeon.
             The game lasted 00:10:01 (3814 turns).

Smoke131 the Firebug (Draconian Fire Elementalist)  Turns: 3814, Time: 00:10:01

Health: -7/50      AC:  7    Str: 11    XL:     6   Next: 23%
Magic:  0/10       EV: 16    Int: 17    God:
Gold:   180        SH:  0    Dex: 11    Spells: 5/11 levels left

rFire   . . .      SeeInvis .   q - +0 spear
rCold   . . .      Faith    .   (no shield)
rNeg    . . .      Spirit   .   (body armour unavailable)
rPois   .          Reflect  .   (helmet restricted)
rElec   .          Harm     .   (no cloak)
rCorr   .          Rampage  .   e - +0 pair of gloves
Will    .....                   (no boots)
Stlth   ++........              (no amulet)
HPRegen 0.16/turn               p - +4 ring of evasion
MPRegen 0.12/turn               (no ring)

@: slowed, very slow
A: AC +6, unfitting armour, cold-blooded
a: no special abilities


You were on level 4 of the Dungeon.
You visited 1 branch of the dungeon, and saw 4 of its levels.

You collected 180 gold pieces.

Inventory:

Hand Weapons
 q - a +0 spear (weapon)
Armour
 e - a +0 pair of gloves (worn)
Jewellery
 p - a +4 ring of evasion (left hand)
Wands
 b - a wand of polymorph (8)
Scrolls
 c - 2 scrolls of teleportation
 g - a scroll of amnesia {unknown}
 r - a scroll of fear
Potions
 d - 2 potions of attraction {unknown}
 f - a potion of flight {unknown}
 h - a potion of heal wounds {unknown}
 i - 2 potions of curing {unknown}
 j - a potion of haste {unknown}
 m - a potion of invisibility {unknown}
 o - 3 potions of mutation


   Skills:
 + Level 2.8 Fighting
 + Level 3.1 Dodging
 - Level 1.7 Stealth
 + Level 3.1 Spellcasting
 + Level 2.9 Conjurations
 + Level 4.0 Fire Magic


You had 5 spell levels left.
You knew the following spells:

 Your Spells              Type           Power      Damage    Failure   Level
a - Foxfire               Conj/Fire      56%        2x1d6     4%          1
b - Scorch                Fire           32%        2d7       4%          2
c - Conjure Flame         Conj/Fire      14%        6-21      12%         3

Your spell library contained the following spells:

 Spells                   Type           Power      Damage    Failure   Level
 Inner Flame              Hex/Fire       9%         N/A       22%         3
 Ensorcelled Hibernation  Hex/Ice        4%         N/A       26%         2
 Flame Wave               Conj/Fire      14%        2d6       38%         4
 Gell's Gravitas          Tloc           2%         N/A       45%         3
 Spider Form              Tmut/Pois      2%         N/A       45%         3
 Teleport Other           Tloc           2%         N/A       45%         3
 Anguish                  Hex/Necr       1%         N/A       86%         4
 Dispersal                Tloc           1%         N/A       100%        6


Dungeon Overview and Level Annotations

Branches:
Dungeon (4/15)
 Temple: D:4-7

Altars:
Wu Jian

Shops:
D:1 ?:


Innate Abilities, Weirdness & Mutations

Your plain brown scales are hard. (AC +6)
You cannot fit into any form of body armour.
You are cold-blooded and may be slowed by cold attacks.


Message History

The hornet misses you.
Casting: Scorch (safe; 4% risk of failure)
Confirm with . or Enter, or press ? or * to list all spells.
Flames lash the hornet but do no damage.
The hornet stings you.
You feel yourself slow down. The hornet stings you!
You feel as though you will be slow longer.
Casting: Scorch (safe; 4% risk of failure)
Confirm with . or Enter, or press ? or * to list all spells.
Flames lash the hornet.
The hornet is severely wounded.
The hornet stings you!
* * * LOW HITPOINT WARNING * * *
You feel as though you will be slow longer.
The hornet closely misses you.
Casting: Scorch (safe; 4% risk of failure)
Confirm with . or Enter, or press ? or * to list all spells.
Flames lash the hornet.
The hornet is burned terribly!
The hornet is almost dead.
The hornet barely misses you. The hornet closely misses you.
Your magical contamination has completely faded away.
Casting: Scorch (safe; 4% risk of failure)
Confirm with . or Enter, or press ? or * to list all spells.
Flames lash the hornet but do no damage.
The hornet stings you!
* * * LOW HITPOINT WARNING * * *
You feel as though you will be slow longer.
The hornet misses you.
The hornet stings you but does no damage.
Casting: Scorch (safe; 4% risk of failure)
Confirm with . or Enter, or press ? or * to list all spells.
You conjure some foxfire!
The hornet barely misses you. x2
Your foxfire dissipates!
The foxfire hits the hornet but does no damage.
The hornet is almost dead.
The hornet stings you but does no damage.
Casting: Foxfire (safe; 4% risk of failure)
Confirm with . or Enter, or press ? or * to list all spells.
You conjure some foxfire!
The hornet misses you. The hornet closely misses you.
The hornet attacks as you move away! The hornet stings you!
You die...

######## ##.. #.. #..
#.. ###.. #######
############...#
..)....
##.......#....###
.....###v..†>.......##
.♣~~♣=§#y@..........###
.~~~~..'v############
.~~~~..'.# .♣~~♣..###
....(.. ....... ######


You could see a hornet (combustible, ally target).

Vanquished Creatures
  A kobold brigand (D:3)
  A scorpion (D:4)
  Jessica (D:2)
  Terence (D:2)
  3 adders
  4 gnolls (D:2)
  3 worms
  A dart slug (D:1)
  7 orcs
  7 ball pythons
  8 endoplasms
  A giant cockroach (D:4)
  4 goblins
  6 hobgoblins
  5 kobolds
  3 quokkas
  5 bats
  3 rats (D:1)
64 creatures vanquished.

Vanquished Creatures (others)
  132 foxfires
132 creatures vanquished.

Grand Total: 196 creatures vanquished

Notes
Turn   | Place    | Note
-------+----------+-------------------------------------------
     0 | D:1      | Smoke131 the Draconian Fire Elementalist began the quest
                  | for the Orb.
     0 | D:1      | Reached XP level 1. HP: 14/14 MP: 3/3
     2 | D:1      | Noticed a human
     2 | D:1      | Noticed an octopode
     4 | D:1      | Noticed a gargoyle
     6 | D:1      | Noticed a spriggan
     6 | D:1      | Noticed a demigod
     8 | D:1      | Noticed a formicid
     8 | D:1      | Noticed a minotaur
    10 | D:1      | Noticed a felid
    10 | D:1      | Noticed a merfolk
    12 | D:1      | Noticed a vine stalker
    14 | D:1      | Noticed a ghoul
    14 | D:1      | Noticed a meteoran
    16 | D:1      | Noticed a palentonga
    16 | D:1      | Noticed a draconian
    18 | D:1      | Noticed a troll
    20 | D:1      | Noticed an ogre
    20 | D:1      | Noticed a vampire
    22 | D:1      | Noticed a tengu
    22 | D:1      | Noticed a naga
    24 | D:1      | Noticed a human
    24 | D:1      | Noticed an elf
    26 | D:1      | Noticed a merfolk
    26 | D:1      | Noticed a vine stalker
   122 | D:1      | Found a faded altar of an unknown god.
   238 | D:1      | Found Zyupp's Magic Scroll Shop.
   273 | D:1      | Reached XP level 2. HP: 22/22 MP: 5/5
   276 | D:1      | Learned a level 2 spell: Scorch
   619 | D:1      | You fall into a shaft and drop 1 floor!
   738 | D:1      | Found Delocs's Book Boutique.
   941 | D:2      | Noticed Jessica
   960 | D:1      | Reached skill level 1 in Fighting
  1002 | D:2      | Killed Jessica
  1003 | D:2      | Reached XP level 3. HP: 28/28 MP: 0/6
  1214 | D:2      | Identified the +4 ring mail of Negligence {rF+ rC+ Str+4}
  1815 | D:2      | Reached XP level 4. HP: 35/35 MP: 7/7
  2104 | D:2      | Learned a level 3 spell: Conjure Flame
  2402 | D:3      | Noticed a kobold brigand
  2413 | D:3      | Killed a kobold brigand
  2414 | D:3      | Reached XP level 5. HP: 38/41 MP: 1/9
  2744 | D:3      | Noticed Terence
  2772 | D:2      | Killed Terence
  3382 | D:4      | Found an ornate altar of the Wu Jian Council.
  3421 | D:4      | Reached skill level 4 in Fire Magic
  3421 | D:4      | Reached XP level 6. HP: 25/50 MP: 1/10
  3759 | D:4      | Noticed a hornet
  3814 | D:4      | Mangled by a hornet

Illustrated notes

Levels and vault maps discovered:
D:1:      kb_arrival_jail, layout_loops_ring, hellmonk_ecumenical_altar_zigzags,
          serial_shops, nicolae_shop_trees, shop
D:2:      layout_rooms, uniq_jessica
D:3:      layout_basic, uniq_terence
D:4:      layout_layer_cave, nzn_wu_jian_contemplation,
          kennysheep_generic_room_6

Skill      XL: |  1  2  3  4  5 |
---------------+----------------+-----
Dodging        | 2 3 |  3.1
Fighting       | 1 2 |  2.8
Conjurations   | 2 |  2.9
Spellcasting   | 3 |  3.1
Fire Magic     | 4 |  4.0
Stealth        | |  1.7

Action                   |  1- 3 |  4- 6 || total
-------------------------+-------+-------++-------
Melee: Whip              |    24 |       ||    24
       Unarmed           |     4 |       ||     4
       Tailslap          |     9 |     7 ||    16
       Short sword       |    28 |    12 ||    40
       Spear             |       |    36 ||    36
       Punch             |       |     1 ||     1
 Cast: Foxfire           |    32 |    51 ||    83
       Scorch            |     4 |    30 ||    34
       Conjure Flame     |       |     1 ||     1
  Use: Scroll            |       |     6 ||     6
       Potion            |       |     1 ||     1
 Stab: Sleeping          |     1 |       ||     1
Armor: Skin              |    29 |    28 ||    57
Dodge: Dodged            |    55 |    99 ||   154
